Map: Catalyst LE

Players

JimRising - Winner!

  • Race: Zerg Zerg
  • League: Grandmaster
  • Spawn Location: 5:00

HalfBreed

  • Race: Zerg Zerg
  • Spawn Location: 11:00

VOD

Have the link to the VOD?

Description

Time

  • Played on: Feb. 2, 2018, 3:23 p.m.
  • Length: 5:50
Show
View Real Time Build Order
Export as new Build Order

JimRising Zerg - Winner!

Build Orders: Pool First 

Get SALT Encoding   

  12  0:01  Drone  
  13  0:12  Overlord  
  13  0:17  Drone  
  14  0:30  Drone x2  
  14  0:34  Drone  
  17  0:45  Spawning Pool  
  17  0:47  Drone  
  17  0:55  Drone  
  18  1:00  Extractor  
  17  1:15  Hatchery  
  16  1:18  Drone  
  17  1:32  Queen  
  19  1:34  Zergling x2  
  19  1:36  Drone  
  21  1:43  Overlord  
  21  1:51  Drone  
  22  2:01  Metabolic Boost  
  22  2:04  Drone  
  22  2:08  Queen  
  23  2:12  Drone  
  26  2:21  Drone  
  27  2:27  Drone  
  28  2:34  Drone  
  29  2:40  Drone x3  
  29  2:42  Drone  
  33  2:54  Hatchery  
  33  2:56  Zergling x4  
  34  3:01  Overlord  
  34  3:07  Drone  
  35  3:18  Drone  
  35  3:19  Overlord  
  36  3:25  Zergling x10  
  36  3:26  Roach Warren  
  40  3:29  Zergling x2  
  41  3:37  Overlord  
  38  3:49  Overlord  
  38  3:53  Drone  
  38  4:08  Roach  
  38  4:09  Roach x6  
  51  4:12  Roach  
  51  4:16  Roach x3  
  58  4:17  Roach  
  58  4:21  Roach  
  62  4:25  Zergling x4  
  62  4:28  Roach  
  66  4:39  Zergling x10  
  66  4:45  Overlord  
  71  4:51  Zergling x4  
  73  4:56  Zergling x2  
  74  5:03  Roach x3, Zergling x2  
  74  5:04  Zergling x2  
  75  5:22  Zergling x10  
  75  5:24  Zergling x2  
  80  5:31  Zergling x4  
Show
View Real Time Build Order
Export as new Build Order

HalfBreed Zerg 

Build Orders: Hatch First 

Get SALT Encoding   

  12  0:00  Drone  
  13  0:12  Overlord  
  13  0:17  Drone  
  14  0:30  Drone  
  14  0:31  Drone  
  14  0:34  Drone  
  17  0:52  Hatchery  
  17  0:55  Drone  
  17  0:58  Drone  
  17  1:00  Extractor  
  17  1:13  Spawning Pool  
  17  1:16  Drone  
  17  1:20  Drone  
  18  1:28  Drone  
  19  1:40  Overlord  
  19  2:01  Queen, Zergling x2  
  19  2:02  Zergling x2  
  19  2:04  Queen  
  19  2:08  Zergling x2  
  26  2:18  Baneling Nest  
  26  2:22  Drone x3  
  28  2:36  Queen, Overlord  
  28  2:37  Zergling x2  
  28  2:41  Drone  
  32  2:44  Drone  
  32  2:49  Metabolic Boost  
  33  2:57  Drone x2  
  35  3:03  Drone  
  35  3:09  Baneling  
  35  3:16  Drone x4  
  39  3:26  Hatchery  
  38  3:27  Baneling  
  38  3:34  Zergling x6  
  38  3:40  Overlord  
  38  3:41  Drone x2  
  43  3:50  Drone, Overlord  
  43  3:55  Evolution Chamber  
  43  3:56  Drone  
  43  4:02  Drone x5  
  48  4:06  Baneling x2  
  46  4:12  Queen  
  46  4:14  Drone x2  
  50  4:19  Extractor  
  50  4:23  Zergling x4  
  51  4:32  Baneling x2  
  51  4:33  Drone x2, Overlord  
  53  4:39  Roach Warren  
  53  4:40  Extractor  
  53  4:42  Drone x2  
  53  4:43  Drone  
  54  4:50  Spine Crawler  
  54  4:51  Spine Crawler  
  52  4:53  Spine Crawler  
  52  4:55  Spine Crawler  
  52  4:59  Zergling x2  
  49  5:00  Zergling x4  
  49  5:04  Zergling x2  
  49  5:05  Zergling x2  
  51  5:08  Zergling x4  
  53  5:19  Roach  
  54  5:21  Roach x2  
  54  5:27  Roach x2  
  48  5:29  Roach  
Tags
 
Add a new tag
Caveats
  • Supply blocks, unpowered buildings, or Contaminate may cause inaccurate times.
  • Supply counts are checked every 10 seconds.